 Dungeon Crawl Stone Soup version 0.28-a0-172-g787e458d71 (webtiles) character file.

Game seed: 10851928606835437248

744 dolemite99 the Cleaver (level 7, -3/57 HPs)
             Began as a Hill Orc Fighter on Aug 17, 2021.
             Was a Follower of Makhleb.
             Slain by a vampire mosquito (6 damage)
             ... on level 6 of the Dungeon.
             The game lasted 00:08:16 (6045 turns).

dolemite99 the Cleaver (Hill Orc Fighter)           Turns: 6045, Time: 00:08:17

Health: -3/57      AC:  9    Str: 21    XL:     7   Next: 76%
Magic:  7/7        EV:  7    Int:  8    God:    Makhleb [*.....]
Gold:   64         SH:  8    Dex: 10    Spells: 6/6 levels left

rFire   . . .      SeeInvis .   m - +2 broad axe (vorpal)
rCold   . . .      Faith    .   c - +0 kite shield
rNeg    . . .      Spirit   .   n - +0 scale mail
rPois   .          Reflect  .   (no helmet)
rElec   .          Harm     .   (no cloak)
rCorr   .          Rampage  .   (no gloves)
Will    .....                   p - +1 pair of boots
Stlth   ..........              (no amulet)
HPRegen 0.19/turn               (no ring)
MPRegen 0.10/turn               (no ring)

@: hasted, very quick
A: no striking features
a: Renounce Religion


You were on level 6 of the Dungeon.
You worshipped Makhleb.
Makhleb was aware of your devotion.
You visited 1 branch of the dungeon, and saw 6 of its levels.

You collected 260 gold pieces.
You spent 196 gold pieces at shops.

Inventory:

Hand Weapons
 a - a +0 war axe
 b - a +0 dagger of electrocution
 m - a +2 vorpal broad axe (weapon)
 s - a +0 broad axe
Missiles
 e - 72 sling bullets
 h - 17 bolts
 i - 14 boomerangs
 j - 28 poisoned darts (quivered)
 r - 75 stones
Armour
 c - a +0 kite shield (worn)
 n - a +0 scale mail (worn)
 p - a +1 pair of boots (worn)
Wands
 u - a wand of iceblast (6)
Scrolls
 f - a scroll of teleportation
 g - a scroll of fear
Potions
 k - a potion of cancellation {unknown}
 l - a potion of brilliance {unknown}
 o - a potion of degeneration {unknown}
 q - a potion of attraction {unknown}
 v - a potion of heal wounds {unknown}


   Skills:
 - Level 3.6 Fighting
 - Level 1.4 Short Blades
 + Level 10.8 Axes
 - Level 3.2 Armour
 - Level 3.2 Shields


You had 6 spell levels left.
You didn't know any spells.
Your spell library contained the following spells:

 Spells                   Type           Power      Damage    Failure   Level
 Foxfire                  Conj/Fire      0%         2x1d4     99%         1
 Conjure Flame            Conj/Fire      0%         6-21      100%        3
 Inner Flame              Hex/Fire       0%         N/A       100%        3
 Cause Fear               Hex            0%         N/A       100%        4
 Discord                  Hex            0%         N/A       100%        8


Dungeon Overview and Level Annotations

Branches:
Dungeon (6/15)             Temple (0/1) D:4

Altars:
Cheibriados
Elyvilon
Fedhas
Kikubaaqudgha
Makhleb
Qazlal

Shops:
D:3 *


Message History

The vampire mosquito draws strength from your injuries!
The vampire mosquito closely misses you.
The vampire mosquito bites you.
* * * LOW HITPOINT WARNING * * *
The vampire mosquito draws strength from your injuries!
You block the vampire mosquito's attack.
The vampire mosquito bites you.
* * * LOW HITPOINT WARNING * * *
The vampire mosquito draws strength from your injuries!
The vampire mosquito bites you but does no damage.
You feel yourself speed up. The vampire mosquito barely misses you.
The vampire mosquito bites you but does no damage. x2
You block the vampire mosquito's attack.
The vampire mosquito barely misses you. The vampire mosquito bites you.
* * * LOW HITPOINT WARNING * * *
The vampire mosquito draws strength from your injuries!
You block the vampire mosquito's attack.
The vampire mosquito closely misses you.
You feel better.
You block the vampire mosquito's attack.
The vampire mosquito barely misses you. The vampire mosquito bites you.
* * * LOW HITPOINT WARNING * * *
The vampire mosquito draws strength from your injuries!
You block the vampire mosquito's attack.
The vampire mosquito bites you but does no damage. x2
The howler monkey barely misses you.
Found 15 stones.
You miss the vampire mosquito.
The vampire mosquito is severely damaged.
You miss the vampire mosquito. You closely miss the howler monkey.
You miss the vampire mosquito.
The vampire mosquito bites you but does no damage. x2
The vampire mosquito bites you.
* * * LOW HITPOINT WARNING * * *
The vampire mosquito draws strength from your injuries!
The vampire mosquito bites you!
* * * LOW HITPOINT WARNING * * *
The vampire mosquito draws strength from your injuries!
The vampire mosquito bites you.
You die...

....(....
..........
#...>....##
...^......#
..........#
.........$#
.......h..#
......yy@.#
#......yy##
##......##
########


You could see 4 vampire mosquitoes and a howler monkey.

Vanquished Creatures
  An ice beast (D:5)
  2 ogres
  2 scorpions (D:5)
  A bullfrog zombie (D:5)
  A jelly (D:4)
  A centaur skeleton (D:5)
  A hound (D:5)
  An iguana (D:4)
  An orc wizard (D:2)
  A hound skeleton (D:5)
  10 adders
  An ufetubus (D:5)
  2 worms
  A dart slug (D:2)
  7 orcs
  9 endoplasms
  3 giant cockroaches
  5 goblins
  6 hobgoblins
  4 jackals (D:2)
  5 quokkas
  4 ball pythons
  6 bats
  A frilled lizard (D:1)
  4 kobolds
  6 rats
86 creatures vanquished.

Notes
Turn   | Place    | Note
-------+----------+-------------------------------------------
     0 | D:1      | dolemite99 the Hill Orc Fighter began the quest for the
                  | Orb.
     0 | D:1      | Reached XP level 1. HP: 19/19 MP: 1/1
    87 | D:1      | Reached skill level 3 in Axes
   152 | D:1      | Reached XP level 2. HP: 26/26 MP: 2/2
   467 | D:1      | Reached skill level 4 in Axes
   596 | D:1      | Reached XP level 3. HP: 30/31 MP: 3/3
   837 | D:2      | Found a faded altar of an unknown god.
  1012 | D:2      | Reached skill level 5 in Axes
  1767 | D:2      | Reached XP level 4. HP: 38/39 MP: 4/4
  1778 | D:2      | Reached skill level 1 in Short Blades
  2372 | D:3      | Found an ancient bone altar of Kikubaaqudgha.
  2398 | D:3      | Found a blossoming altar of Fedhas.
  2398 | D:3      | Found a burning altar of Makhleb.
  2408 | D:3      | Became a worshipper of Makhleb the Destroyer
  2615 | D:3      | Found Ofriurph's General Store.
  2628 | D:3      | Bought a scroll of identify for 28 gold pieces
  2640 | D:3      | Bought a scroll of identify for 28 gold pieces
  2641 | D:3      | Identified a scroll of acquirement
  2650 | D:3      | Acquired a +2 vorpal broad axe
  2672 | D:3      | Reached skill level 6 in Axes
  3084 | D:4      | Reached XP level 5. HP: 45/45 MP: 5/5
  3115 | D:4      | Noticed an ogre
  3135 | D:4      | Killed an ogre
  3136 | D:4      | Reached skill level 7 in Axes
  3416 | D:4      | Reached XP level 6. HP: 49/51 MP: 6/6
  3466 | D:4      | Found a staircase to the Ecumenical Temple.
  3757 | D:4      | Reached skill level 8 in Axes
  4177 | D:4      | Found a stormy altar of Qazlal.
  4370 | D:4      | Found a snail-covered altar of Cheibriados.
  4401 | D:4      | Reached * piety under Makhleb
  4989 | D:5      | Entered Level 5 of the Dungeon
  5028 | D:3      | Bought a potion of haste for 140 gold pieces
  5046 | D:5      | Noticed an ice beast
  5052 | D:5      | Killed an ice beast
  5053 | D:5      | Reached skill level 9 in Axes
  5084 | D:5      | Reached XP level 7. HP: 48/57 MP: 7/7
  5219 | D:5      | Found a white marble altar of Elyvilon.
  5514 | D:5      | Reached skill level 10 in Axes
  6036 | D:6      | Noticed a vampire mosquito
  6036 | D:6      | Noticed a vampire mosquito
  6036 | D:6      | Noticed a vampire mosquito
  6036 | D:6      | Noticed a vampire mosquito
  6045 | D:6      | Slain by a vampire mosquito

Illustrated notes

Levels and vault maps discovered:
D:1:      dpeg_cavernosity, layout_rooms, minmay_statues_item
D:2:      layout_loops_ring, hellmonk_ecumenical_altar_dog_temple
D:3:      layout_basic, grunt_temple_overflow_open, serial_shops, shop
D:4:      layout_layer_cave, mainiacjoe_overflow_paths, kennysheep_mini_moat,
          minmay_temple_entry_large_hall, gup_sewer_entry_bowl
D:5:      layout_rooms, elyvilon_altar_3
D:6:      layout_rooms, nicolae_shop_clearance

Skill      XL: |  1  2  3  4  5  6  7 |
---------------+----------------------+-----
Axes           | 3 4 5 6 7 9 10 | 10.8
Short Blades   | 1 |  1.4
Fighting       | |  3.6
Armour         | |  3.2
Shields        | |  3.2

Action                   |  1- 3 |  4- 6 |  7- 9 || total
-------------------------+-------+-------+-------++-------
Melee: War axe           |    84 |     3 |       ||    87
       Dagger            |    14 |   124 |       ||   138
       Broad axe         |       |     5 |    38 ||    43
Throw: Boomerang         |    10 |    11 |       ||    21
       Dart              |       |    29 |    11 ||    40
  Use: Scroll            |       |    10 |       ||    10
       Potion            |       |     3 |     3 ||     6
Armor: Scale mail        |    51 |    48 |    41 ||   140
Dodge: Dodged            |    36 |    37 |    22 ||    95
Block: Kite shield       |    43 |    41 |    30 ||   114

Table legend: (Time is in decaauts)
 A = Elapsed time spent in this place.
 B = Non-inter-level travel time spent in this place.
 C = Inter-level travel time spent in this place.
 D = Time resting spent in this place.
 E = Time spent auto-exploring this place.
 F = Levels seen in this place.
 G = Mean time per level.
                   A        B        C        D        E       F      G
               +--------+--------+--------+--------+--------+-----+--------+
         Total |   6157 |   5864 |    293 |   1885 |   3000 |   6 | 1026.2 |
       Dungeon |   6157 |   5864 |    293 |   1885 |   3000 |   6 | 1026.2 |
               +--------+--------+--------+--------+--------+-----+--------+

Top non-repeatable levels by time:
     D:4: 2019 daAuts
     D:2: 1621 daAuts
     D:5: 1019 daAuts
     D:1: 807 daAuts
     D:3: 680 daAuts
     D:6: 9 daAuts
